Map: [ESL] Tropical Sacrifice

Players

NightMare - Winner!

  • Race: Protoss Protoss
  • Spawn Location: 7:00

ShaDoWn

  • Race: Protoss Protoss
  • Spawn Location: 1:00

Event: DreamHack SC2 Masters 2022 Valencia

VOD

Have the link to the VOD?

Description

Time

  • Played on: July 1, 2022, 10:42 a.m.
  • Length: 4:39

All games in this series

Show
View Real Time Build Order
Export as new Build Order

NightMare Protoss - Winner!

Build Orders: Phoenix Opening 

Get SALT Encoding   

  12  0:00  Probe  
  13  0:12  Probe  
  14  0:20  Pylon  
  14  0:24  Probe  
  15  0:38  Probe (Chrono Boost)  
  15  0:40  Gateway  
  16  0:48  Probe (Chrono Boost)  
  16  0:49  Assimilator  
  17  0:53  Probe (Chrono Boost)  
  18  1:00  Assimilator  
  18  1:04  Probe (Chrono Boost)  
  18  1:08  Pylon  
  19  1:14  Probe (Chrono Boost)  
  20  1:19  Probe (Chrono Boost)  
  21  1:28  Cybernetics Core  
  21  1:31  Probe  
  22  1:34  Zealot  
  24  1:43  Probe  
  25  1:55  Probe  
  26  2:10  Stargate  
  26  2:12  Stalker  
  28  2:28  Nexus  
  28  2:35  Pylon  
  28  2:38  Warp Gate  
  28  2:41  Probe  
  29  2:54  Phoenix (Chrono Boost)  
  31  2:59  Stalker  
  31  3:03  Probe  
  34  3:15  Phoenix (Chrono Boost), Probe  
  37  3:22  Pylon  
  36  3:32  Phoenix (Chrono Boost)  
  38  3:35  Probe  
  39  3:41  Probe  
  39  3:44  Assimilator  
  39  3:47  Probe  
  41  3:55  Phoenix (Chrono Boost)  
  41  3:58  Probe  
  41  4:00  Probe  
  45  4:10  Probe  
  45  4:12  Probe  
  47  4:22  Probe  
  48  4:24  Probe  
  47  4:37  Stargate  
Show
View Real Time Build Order
Export as new Build Order

ShaDoWn Protoss 

Build Orders: Phoenix Opening 

Get SALT Encoding   

  12  0:00  Probe  
  13  0:12  Probe  
  14  0:20  Pylon  
  14  0:24  Probe  
  15  0:38  Probe (Chrono Boost)  
  15  0:39  Gateway  
  16  0:47  Probe (Chrono Boost)  
  16  0:48  Assimilator  
  17  0:53  Probe  
  18  0:57  Assimilator  
  18  1:05  Probe (Chrono Boost)  
  18  1:08  Pylon  
  19  1:16  Probe (Chrono Boost)  
  20  1:21  Probe (Chrono Boost)  
  21  1:26  Cybernetics Core  
  21  1:31  Probe  
  22  1:40  Zealot  
  22  1:43  Probe  
  25  1:55  Probe  
  26  2:02  Pylon  
  26  2:05  Stargate  
  26  2:13  Probe  
  29  2:26  Nexus  
  29  2:29  Probe  
  28  2:37  Pylon  
  28  2:45  Probe  
  28  2:47  Shield Battery  
  29  2:53  Phoenix (Chrono Boost)  
  29  2:57  Probe  
  31  3:09  Probe  
  31  3:10  Phoenix (Chrono Boost)  
  34  3:15  Shield Battery  
  34  3:21  Probe  
  34  3:26  Stargate  
  35  3:33  Probe  
  36  3:37  Probe  
  36  3:39  Phoenix (Chrono Boost)  
  39  3:46  Probe  
  40  3:50  Probe  
  40  3:54  Assimilator  
  41  3:56  Assimilator  
  41  3:58  Probe  
  41  4:02  Phoenix (Chrono Boost)  
  42  4:07  Shield Battery  
  42  4:08  Probe  
  45  4:13  Probe  
  46  4:20  Probe  
  45  4:25  Probe  
  43  4:38  Shield Battery  

Tags
 
Add a new tag
Caveats
  • Supply blocks, unpowered buildings, or Contaminate may cause inaccurate times.
  • Supply counts are checked every 10 seconds.